← All builds
Geo sea / Legion / Economy first / OBSERVED BUILD

Standard geo sea

Legion Geo sea build order · Supreme Isthmus

The role's baseline: bot lab reclaimed for metal, shipyard built in the cove, Syracusia and Geothermal Powerplant on normal timing, transitioning into Argonaut and other naval units to contest the sea for the rest of the game.

Usually shipyard in the cove (94%) · geo on time (61%)

#naval #eco · 61 distinct matches · 29 players · 72% of Legion Geo sea games · team won 50% of 62 · Recently observed

HOW TO PLAY IT

Key timing: Shipyard by 3:06

  1. Open with mex and solar, then put down Legion Bot Lab for reclaim.
  2. Build Legion Bot Lab early, planning to eat it for metal.
  3. Build shipyard and reclaim the bot lab into the sea economy.
  4. Eat the Legion Bot Lab at 3:12 to fund early sea units.
  5. Add Syracusia then geothermal, transition into Argonaut-led sea army.

Phase by phase

TYPICAL OF ITS 61 GAMES
  1. 1
  2. 2
  3. 3
  4. 4
PLAY THE OPENING

Follow the example game's first 6:00 step by step: what to build now, what comes next, and where it goes. At 1× it keeps pace with your own game.

  1. 1

    Up to the Legion Bot Lab

    Economy
    • Metal Extractor3Mex
    • Wind Turbine3Wind
    Order
    1. Legion Bot LabLegion Bot Lab after 3 mex, 3 winddone ~1:12, middle half 1:05–1:26

    Some games also: wind for allies (40%)

    By 0:55 in all: 3 mex · 3 wind

    The example game in this phase · 4 steps
    1. Mex ×3
    2. Wind ×6
    3. Energy storage
    4. Legion Bot LabLegion Bot Labdone 1:42 · typical 1:12
  2. 2

    Legion Bot Lab to Shipyard

    Economy
    • Metal Extractor1Mex
    Order
    1. ShipyardShipyard after 4 mex, 4 wind, 1 con turretdone ~3:16, middle half 2:41–3:35
    Builders
    • Zagreus3 Zagreus
    • Legion Construction Bot3 Legion Construction Bot

    Some games also: wind (50%) · con turret (50%) · Toxotai (39%) · wind for allies (35%) · Goblin (31%)

    By 2:43 in all: 4 mex · 4 wind

    The example game in this phase · 8 steps
    1. Legion Construction BotLegion Construction Bot ×3
    2. ZagreusZagreus
    3. Mex
    4. ZagreusZagreus
    5. ToxotaiToxotai ×2
    6. Con turret
    7. Mex
    8. ShipyardShipyarddone 3:44 · typical 3:16
  3. 3

    Shipyard to 5:00

    Economy
    • Metal Extractor4Mex
    • Wind Turbine2Wind
    Order
    1. Legion Bot LabEat Legion Bot Lab
    Builders
    • Construction Ship1 Con ship
    Army
    • Argonaut2 Argonaut
    • Syracusia1 Syracusia
    Other
    • Radar Tower1 Radar Tower

    Some games also: Pharos (50%) · Hippocampus (39%) · submarine (39%) · converter (37%)

    By 5:00 in all: 8 mex · 6 wind · 1 energy storage · 1 con turret

    The example game in this phase · 15 steps
    1. Mex
    2. SyracusiaSyracusiadone 4:06 · typical 5:32
    3. Con turret
    4. Legion Bot LabEat Legion Bot Labreclaimed for its metal
    5. Legion DroneLegion Drone
    6. Construction ShipCon ship
    7. Radar TowerRadar Tower
    8. SyracusiaSyracusia
    9. Wind
    10. ArgonautArgonaut
    11. Mex
    12. Legion DroneLegion Drone
    13. SyracusiaSyracusia
    14. Wind
    15. Mex
  4. 4

    5:00 to 10:00

    Economy
    • Metal Extractor2Mex
    • Wind Turbine12Wind
    • Energy Converter3Converter
    Order
    1. Geothermal PowerplantGeo after 9 mex, 8 wind, 1 solarin 52% of games
    Builders
    • Construction Turret1 Con turret
    • Dionysus1 Dionysus
    Army
    • Pharos2 Pharos
    • Legion Drone8 Legion Drone
    • Syracusia3 Syracusia
    • Argonaut3 Argonaut

    Some games also: con ship (48%) · Bramble (42%)

    By 10:00 in all: 10 mex · 18 wind · 1 geo · 5 converter · 1 energy storage · 2 con turret

    The example game in this phase · 114 steps
    1. Converter
    2. Wind ×3
    3. ToxotaiToxotai
    4. Wind
    5. Legion DroneLegion Drone
    6. Converter
    7. Wind
    8. Converter
    9. Wind ×2
    10. Legion DroneLegion Drone
    11. Converter
    12. Wind ×2
    13. Converter
    14. Wind
    15. SyracusiaSyracusia
    16. Converter
    17. Wind ×3
    18. Converter
    19. Wind ×2
    20. Converter
    21. Wind
    22. Legion DroneLegion Drone
    23. Wind
    24. DionysusDionysus
    25. Wind ×3
    26. Legion DroneLegion Drone
    27. DionysusDionysus
    28. Wind ×12
    29. SyracusiaSyracusia
    30. Wind
    31. Advanced Metal ExtractorT2 mexdone 9:17 · typical 9:19
    32. Wind
    33. Legion DroneLegion Drone
    34. SyracusiaSyracusia
    35. Wind ×3
    36. Legion DroneLegion Drone ×2
    37. SyracusiaSyracusia
    38. Wind ×4
    39. Legion DroneLegion Drone
    40. SyracusiaSyracusia
    41. Wind
    42. Legion DroneLegion Drone
    43. Wind ×2
    44. Legion DroneLegion Drone
    45. Wind
    46. SyracusiaSyracusia
    47. Legion DroneLegion Drone
    48. Wind ×2
    49. Advanced Metal ExtractorT2 mex
    50. Legion DroneLegion Drone
    51. Wind
    52. Legion DroneLegion Drone
    53. Wind ×6
    54. Legion DroneLegion Drone
    55. Wind ×7
    56. ArgonautArgonaut
    57. Wind
    58. ArgonautArgonaut
    59. Wind ×3
    60. Advanced Metal ExtractorT2 mex
    61. ArgonautArgonaut
    62. Mex
    63. Wind
    64. Mex
    65. SyracusiaSyracusia
    66. Wind
    67. Legion DroneLegion Drone
    68. IapetusIapetus
    69. SyracusiaSyracusia
    70. Legion DroneLegion Drone
    71. Wind
    72. Legion DroneLegion Drone
    73. Radar TowerRadar Tower
    74. Legion DroneLegion Drone
    75. SyracusiaSyracusia
    76. Legion DroneLegion Drone ×2
    77. Wind
    78. Legion DroneLegion Drone
    79. Advanced Metal ExtractorT2 mex
    80. Legion DroneLegion Drone ×3
    81. Wind
    82. DionysusDionysus
    83. Legion DroneLegion Drone ×2
    84. DionysusDionysus
    85. Wind
    86. Construction ShipCon ship
    87. Wind
    88. Mex
    89. Con turret
    90. Metal storage
    91. DionysusDionysus
    92. Con turret
    93. Wind
    94. HerringMissile corvette
    95. Mex
    96. Legion DroneLegion Drone
    97. DionysusDionysus
    98. Advanced Metal ExtractorT2 mex
    99. DionysusDionysus
    100. Wind
    101. Legion DroneLegion Drone
    102. Solar ×2
    103. Wind
    104. DionysusDionysus
    105. Solar
    106. Mex
    107. RiptideFrigatedone 14:35
    108. DionysusDionysus
    109. Solar
    110. SyracusiaSyracusia
    111. Legion DroneLegion Drone
    112. Advanced Metal ExtractorT2 mex
    113. Solar
    114. Wind

Counts are medians over the build's games: half of them build more, half fewer. The example game is Rysica's (38 OS, 13/09/2026); pick another.

Team trades

IN AT LEAST 30% OF ITS GAMES

You hand over

  • Wind Turbine2 Wind to Airfirst at 1:43 · in 71% of games

You get

  • Finch1 Finch from Airfirst at 1:54 · in 60% of games
  • Hercules1 Light transport from Airfirst at 2:07 · in 44% of games
  • Advanced Construction Bot1 T2 con bot from Techfirst at 7:30 · in 76% of games

How it plays out

Typical game of this build, running totals by minute

Metal produced

010k20k30k
0:005:0010:0015:00

metal

Enemy metal destroyed

05k10k
0:005:0010:0015:00

metal

Own metal lost

02k4k6k
0:005:0010:0015:00

metal

62 games.

Show as table
ByMetal produced: This buildEnemy metal destroyed: This buildOwn metal lost: This build
1:0039500
2:0092800
3:00158400
4:002862020
5:00400714151
6:005382368122
7:006821653293
8:0084801476618
9:001020321361075
10:001218127191316
11:001471838851925
12:001776447562321
13:002035856932976
14:002344268464128
15:002727684014628
WHAT THE NUMBERS SAY

Standard sea opener with heavy early metal from eating the bot lab, but team still won well under half.

  • + Produces far more metal than enemy destroys by 5:00 (3995 vs 183).
  • − Team only won 41% of games despite the strong economy lead.
THE EXAMPLE YOU ARE READING

Rysica

38.1 OS · 13/09/2026

Open source match ↗

3 received units · includes a constructor
132 metal received · 32139 energy received

Allied construction assistance is unknown. Timings are observations, not a promise of solo reproducibility.

Typical milestones

Legion Bot Lab1:12Middle 50%: 1:05–1:26 · n=61
Shipyard3:16Middle 50%: 2:41–3:35 · n=62
Syracusia5:32Middle 50%: 4:58–6:11 · n=62
Geothermal Powerplant7:37Middle 50%: 6:54–9:04 · n=40
Advanced Metal Extractor9:19Middle 50%: 8:34–9:47 · n=45

Played most by

KingBenjai9games of this buildsirniho9games of this buildRysica5games of this buildJesterB4games of this buildQwertylololo4games of this build